 Dungeon Crawl Stone Soup version 0.18.1-50-g88ac8fd (console) character file.

202 Kloppie the Shield-Bearer (level 5, 0/45 HPs)
             Began as a Hill Orc Fighter on Oct 23, 2016.
             Was an Initiate of Makhleb.
             Slain by a worker ant (4 damage)
             ... on level 3 of the Dungeon.
             The game lasted 00:04:39 (3030 turns).

Kloppie the Shield-Bearer (Hill Orc Fighter)        Turns: 3030, Time: 00:04:40

Health: 0/45       AC:  9    Str: 19    XL:     5   Next: 80%
Magic:  5/5        EV:  5    Int:  8    God:    Makhleb [......]
Gold:   152        SH: 10    Dex: 11    Spells: 0 memorised, 4 levels left

rFire  . . .     SeeInvis .     a - +0 war axe
rCold  . . .     Gourm    .     i - +0 chain mail
rNeg   . . .     Faith    .     c - +0 shield
rPois  .         Spirit   .     (no helmet)
rElec  .         Dismiss  .     (no cloak)
rCorr  .         Reflect  .     (no gloves)
SustAt .         Harm     .     (no boots)
MR     .....                    (no amulet)
Stlth  ..........               (no ring)
                                (no ring)

@: lethally poisoned (0 -> -8), not resistant to hostile enchantments, extremely
unstealthy
A: no striking features
a: Renounce Religion


You were on level 3 of the Dungeon.
You worshipped Makhleb.
Makhleb was noncommittal.
You were not hungry.

You visited 1 branch of the dungeon, and saw 3 of its levels.

You collected 152 gold pieces.

Inventory:

Hand Weapons
 a - a +0 war axe (weapon)
Armour
 c - a +0 shield (worn)
 i - a +0 chain mail (worn)
Scrolls
 b - a scroll of noise {unknown}
 e - a scroll of teleportation {unknown}
 j - a scroll of remove curse {unknown}
 l - a scroll of amnesia {unknown}
 n - a scroll of enchant armour {unknown}
 p - a scroll of recharging {unknown}
 q - 2 scrolls of identify {unknown}
 s - a scroll of blinking {unknown}
 w - a scroll of random uselessness {unknown}
Potions
 d - 2 potions of might
 g - a potion of degeneration {unknown}
 h - a potion of lignification
 k - 2 potions of agility {unknown}
 r - a potion of curing {unknown}
 t - a potion of resistance {unknown}
 u - a potion of mutation {unknown}
 v - a potion of magic {unknown}
Comestibles
 f - 2 bread rations
 m - a meat ration
 o - a slice of pizza
 x - a chunk of flesh


   Skills:
 - Level 3.6 Fighting
 + Level 5.2 Axes
 - Level 3.2 Armour
 + Level 5.7 Shields


You had 4 spell levels left.
You didn't know any spells.

Dungeon Overview and Level Annotations

Branches:
Dungeon (3/15)

Altars:
Cheibriados
Makhleb


Message History

* * * LOW HITPOINT WARNING * * *
Your shield and chain mail prevent you from hitting the worker ant.
The worker ant is heavily wounded.
You feel sick. You block the worker ant's attack.
The worker ant barely misses you.
You hit the worker ant.
The worker ant is almost dead.
You feel sick. You block the worker ant's attack.
Your shield and chain mail prevent you from hitting the worker ant.
The worker ant is almost dead.
The worker ant bites you but does no damage.
The worker ant bites you.
* * * LOW HITPOINT WARNING * * *
You are lethally poisoned!
The worker ant poisons you!
You hit the worker ant.
The worker ant is almost dead.
* * * LOW HITPOINT WARNING * * *
You feel sick. The worker ant bites you.
You die...

################
#########............)).
......a@..##############
########### ######## .#
........ #. .#.# ########.
#.### #.#.# #........ #
#.#.###.#.# #.#####..
#.#.#....)#.######.# #..
###.#.#)....#.#....#.#####..
............................


You could see a worker ant.

Vanquished Creatures
  A crimson imp (D:2)
  6 adders
  3 gnolls (D:3)
  An ooze (D:2)
  A worm (D:2)
  2 dart slugs (D:2)
  2 giant geckos (D:3)
  An orc (D:3)
  A ball python (D:2)
  13 bats
  3 giant cockroaches
  8 goblins
  7 hobgoblins
  5 jackals
  9 kobolds
  A quokka (D:2)
  6 giant newts
  6 rats
  2 plants (D:1)
78 creatures vanquished.

Vanquished Creatures (others)
  4 toadstools (D:1)
4 creatures vanquished.

Grand Total: 82 creatures vanquished

Notes
Turn   | Place    | Note
--------------------------------------------------------------
     0 | D:1      | Kloppie the Hill Orc Fighter began the quest for the Orb.
     0 | D:1      | Reached XP level 1. HP: 19/19 MP: 1/1
   327 | D:1      | Reached XP level 2. HP: 26/26 MP: 2/2
   688 | D:1      | Reached XP level 3. HP: 31/31 MP: 3/3
  1701 | D:2      | Reached XP level 4. HP: 33/39 MP: 4/4
  1929 | D:2      | Found a snail-covered altar of Cheibriados.
  1998 | D:2      | Reached skill level 5 in Shields
  2100 | D:2      | Found a burning altar of Makhleb.
  2136 | D:2      | Reached XP level 5. HP: 43/45 MP: 5/5
  2407 | D:2      | Became a worshipper of Makhleb the Destroyer
  2939 | D:3      | Reached skill level 5 in Axes
  3030 | D:3      | Slain by a worker ant

Skill      XL: |  1  2  3  4  5 |
---------------+----------------+-----
Axes           | 3 4 5 |  5.2
Shields        | 4 5 |  5.7
Fighting       | |  3.6
Armour         | |  3.2

Action                   |  1- 3 |  4- 6 || total
-------------------------+-------+-------++-------
Melee: War axe           |   179 |   202 ||   381
  Use: Potion            |       |     1 ||     1
  Eat: Chunk             |     3 |     5 ||     8
Armor: Chain mail        |    76 |   137 ||   213
       Scale mail        |     2 |       ||     2
Dodge: Dodged            |    34 |    50 ||    84
Block: Shield            |    58 |   127 ||   185
